[ PARTIDA AOE2 · #495757272 ]
UnrankedVietnamitas vs Britons
Equipo del jugador · DERR
Equipo rival · VICT
[ ANÁLISIS DE REPETICIÓN · EXTRAÍDO DE LA PARTIDA GRABADA ]
Feudal
10:20
Castillos
20:10
Imperial
40:57
| APM promedio | 37.3 |
| APM pico | 93 |
| eAPM promedio | 19.9 |
| Aldeanos / militares | 99 / 57 |
Foco
⚔️ 31.9% · 🌾 68.1%
Skirmisher ×38 · Knight ×8 · Scout Cavalry ×6 · Battle Elephant ×2 · Monk ×1 · Spearman ×1
Feudal
10:13
Castillos
22:46
Imperial
38:47
| APM promedio | 65.4 |
| APM pico | 165 |
| eAPM promedio | 23.7 |
| Aldeanos / militares | 117 / 110 |
Foco
⚔️ 33.4% · 🌾 66.6%
Archer ×102 · Trebuchet (Packed) ×5 · Spearman ×2 · Monk ×1
Mapa de la partida
Recursos iniciales + cada clic de construcción. Líneas = muros · curvas = relieve. ◆ oro · ⬟ piedra · ● bayas · ✦ reliquia · ◌ hueco del cierre
Tu base· Abierta — flanco sin cerrar
Base de Sassloncey· ✓ Cerrada en 22:46 · 60t muro · 1 puerta(s)
Terreno inicial suavizado · ◌ = hueco del cierre detectado · pasá el cursor para detalles
Inputs por minuto
— Pelantaro - - Sassloncey
Build order — Pelantaro
Primeras 150 de 273 acciones detectadas
| 0:00 | Crear | Villager (Male) |
| 0:00 | Crear | Villager (Male) |
| 0:01 | Crear | Villager (Male) |
| 0:02 | Construir | House |
| 0:03 | Construir | House |
| 0:22 | Crear | Villager (Male) |
| 0:22 | Crear | Villager (Male) |
| 1:30 | Crear | Villager (Male) |
| 1:30 | Crear | Villager (Male) |
| 2:01 | Crear | Villager (Male) |
| 2:01 | Crear | Villager (Male) |
| 2:08 | Construir | Lumber Camp |
| 2:19 | Crear | Villager (Male) |
| 2:19 | Crear | Villager (Male) |
| 2:52 | Crear | Villager (Male) |
| 2:52 | Crear | Villager (Male) |
| 3:34 | Crear | Villager (Male) |
| 3:34 | Crear | Villager (Male) |
| 3:34 | Crear | Villager (Male) |
| 4:08 | Construir | House |
| 4:16 | Construir | House |
| 4:18 | Crear | Villager (Male) |
| 4:18 | Crear | Villager (Male) |
| 4:23 | Crear | Villager (Male) |
| 4:23 | Crear | Villager (Male) |
| 4:24 | Crear | Villager (Male) |
| 4:44 | Crear | Villager (Male) |
| 4:45 | Crear | Villager (Male) |
| 4:47 | Construir | Mill |
| 5:38 | Crear | Villager (Male) |
| 5:46 | Construir | Mill |
| 5:48 | Crear | Villager (Male) |
| 5:48 | Crear | Villager (Male) |
| 5:57 | Crear | Villager (Male) |
| 6:57 | Crear | Villager (Male) |
| 7:21 | Investigar | Loom |
| 8:10 | Investigar | Feudal Age |
| 8:19 | Construir | Barracks |
| 9:51 | Construir | House |
| 10:04 | Crear | Villager (Male) |
| 10:20 | Edad | Edad Feudal |
| 10:23 | Construir | Stable |
| 10:27 | Investigar | Wheelbarrow |
| 10:30 | Investigar | Double-Bit Axe |
| 10:45 | Crear | Villager (Male) |
| 10:57 | Construir | Mining Camp |
| 11:03 | Construir | Mining Camp |
| 11:21 | Crear | Scout Cavalry |
| 11:21 | Crear | Scout Cavalry |
| 11:23 | Crear | Villager (Male) |
| 11:45 | Crear | Villager (Male) |
| 11:50 | Construir | Farm |
| 11:51 | Construir | Farm |
| 11:51 | Construir | Farm |
| 11:51 | Construir | Farm |
| 11:51 | Construir | Farm |
| 11:51 | Construir | Farm |
| 11:52 | Construir | Farm |
| 11:57 | Construir | Farm |
| 11:58 | Crear | Villager (Male) |
| 12:10 | Crear | Spearman |
| 12:43 | Crear | Villager (Male) |
| 12:52 | Construir | Stone Wall |
| 13:07 | Construir | House |
| 13:09 | Construir | House |
| 13:32 | Crear | Scout Cavalry |
| 13:39 | Construir | Blacksmith |
| 13:42 | Construir | House |
| 13:47 | Crear | Villager (Male) |
| 14:06 | Construir | Lumber Camp |
| 14:11 | Crear | Villager (Male) |
| 14:18 | Construir | Farm |
| 14:24 | Crear | Villager (Male) |
| 14:58 | Investigar | Horse Collar |
| 15:10 | Construir | Archery Range |
| 15:22 | Construir | Dock |
| 15:25 | Crear | Villager (Male) |
| 15:34 | Crear | Villager (Male) |
| 15:53 | Crear | Villager (Male) |
| 15:57 | Construir | Farm |
| 16:20 | Construir | Farm |
| 16:27 | Crear | Villager (Male) |
| 16:41 | Crear | Villager (Male) |
| 16:43 | Construir | Farm |
| 16:48 | Construir | Market |
| 16:56 | Construir | House |
| 17:08 | Construir | Farm |
| 17:27 | Investigar | Castle Age |
| 17:29 | Crear | Skirmisher |
| 17:42 | Construir | Farm |
| 17:53 | Crear | Skirmisher |
| 18:08 | Investigar | Bloodlines |
| 18:08 | Investigar | Bloodlines |
| 18:26 | Crear | Skirmisher |
| 18:55 | Investigar | Fletching |
| 19:32 | Crear | Skirmisher |
| 19:32 | Crear | Skirmisher |
| 19:35 | Construir | Stone Wall |
| 19:50 | Construir | Lumber Camp |
| 19:57 | Crear | Skirmisher |
| 20:10 | Crear | Skirmisher |
| 20:10 | Edad | Edad de los Castillos |
| 20:12 | Construir | Archery Range |
| 20:28 | Investigar | Bodkin Arrow |
| 20:34 | Crear | Skirmisher |
| 20:35 | Crear | Skirmisher |
| 20:58 | Crear | Skirmisher |
| 21:15 | Crear | Villager (Male) |
| 21:15 | Crear | Villager (Male) |
| 21:16 | Crear | Villager (Male) |
| 21:16 | Crear | Villager (Male) |
| 21:21 | Crear | Skirmisher |
| 21:24 | Construir | House |
| 21:28 | Construir | Stone Wall |
| 21:37 | Investigar | Padded Archer Armor |
| 21:42 | Crear | Villager (Male) |
| 22:28 | Construir | Stone Wall |
| 22:37 | Construir | Lumber Camp |
| 22:48 | Crear | Villager (Male) |
| 23:07 | Crear | Villager (Male) |
| 23:07 | Crear | Villager (Male) |
| 23:09 | Construir | Farm |
| 23:18 | Investigar | Elite Skirmisher (upgrade) |
| 23:42 | Construir | House |
| 23:50 | Investigar | Leather Archer Armor |
| 23:50 | Investigar | Leather Archer Armor |
| 23:53 | Crear | Skirmisher |
| 24:00 | Crear | Villager (Male) |
| 24:00 | Crear | Villager (Male) |
| 24:07 | Construir | Stable |
| 25:14 | Crear | Skirmisher |
| 25:19 | Construir | Stone Wall |
| 25:20 | Construir | Stone Wall |
| 25:25 | Crear | Villager (Male) |
| 25:33 | Construir | Town Center |
| 25:51 | Crear | Skirmisher |
| 25:51 | Crear | Skirmisher |
| 26:00 | Crear | Villager (Male) |
| 26:00 | Crear | Villager (Male) |
| 26:01 | Investigar | Gold Mining |
| 26:08 | Construir | House |
| 26:09 | Construir | House |
| 26:36 | Crear | Villager (Male) |
| 26:36 | Crear | Villager (Male) |
| 26:38 | Crear | Knight |
| 26:59 | Crear | Skirmisher |
| 27:23 | Crear | Knight |
| 27:24 | Crear | Knight |
| 27:28 | Crear | Villager (Male) |
| 27:32 | Construir | University |
Build order — Sassloncey
Primeras 150 de 423 acciones detectadas
| 0:01 | Crear | Villager (Male) |
| 0:01 | Crear | Villager (Male) |
| 0:01 | Crear | Villager (Male) |
| 0:02 | Construir | House |
| 0:03 | Construir | House |
| 0:45 | Crear | Villager (Male) |
| 0:46 | Crear | Villager (Male) |
| 1:18 | Crear | Villager (Male) |
| 1:18 | Crear | Villager (Male) |
| 2:00 | Crear | Villager (Male) |
| 2:00 | Crear | Villager (Male) |
| 2:22 | Crear | Villager (Male) |
| 2:47 | Construir | Lumber Camp |
| 3:08 | Crear | Villager (Male) |
| 3:24 | Crear | Villager (Male) |
| 4:04 | Crear | Villager (Male) |
| 4:30 | Construir | House |
| 4:33 | Crear | Villager (Male) |
| 5:01 | Crear | Villager (Male) |
| 5:01 | Crear | Villager (Male) |
| 5:58 | Crear | Villager (Male) |
| 5:58 | Crear | Villager (Male) |
| 6:09 | Construir | Mill |
| 6:17 | Construir | Mill |
| 6:28 | Crear | Villager (Male) |
| 6:28 | Crear | Villager (Male) |
| 7:02 | Investigar | Loom |
| 7:23 | Investigar | Feudal Age |
| 7:30 | Construir | Lumber Camp |
| 8:00 | Construir | Mining Camp |
| 8:13 | Crear | Villager (Male) |
| 8:13 | Crear | Villager (Male) |
| 9:05 | Construir | Barracks |
| 9:12 | Construir | House |
| 10:11 | Construir | Palisade Wall |
| 10:13 | Edad | Edad Feudal |
| 10:14 | Construir | Palisade Wall |
| 10:19 | Construir | Archery Range |
| 10:23 | Investigar | Double-Bit Axe |
| 10:35 | Construir | Blacksmith |
| 10:46 | Construir | Palisade Wall |
| 10:52 | Construir | House |
| 11:05 | Construir | Palisade Wall |
| 11:09 | Construir | House |
| 11:12 | Crear | Archer |
| 11:12 | Crear | Archer |
| 11:15 | Crear | Villager (Male) |
| 11:16 | Crear | Villager (Male) |
| 11:30 | Construir | Palisade Wall |
| 11:35 | Crear | Spearman |
| 11:43 | Construir | Farm |
| 11:45 | Construir | Farm |
| 11:47 | Construir | Palisade Wall |
| 11:50 | Crear | Villager (Male) |
| 11:54 | Crear | Archer |
| 12:03 | Crear | Archer |
| 12:06 | Construir | Palisade Wall |
| 12:13 | Construir | Palisade Wall |
| 12:15 | Construir | Palisade Wall |
| 12:17 | Crear | Archer |
| 12:18 | Crear | Villager (Male) |
| 12:19 | Crear | Villager (Male) |
| 12:25 | Construir | Farm |
| 12:30 | Crear | Archer |
| 12:38 | Construir | Palisade Wall |
| 12:44 | Construir | Palisade Wall |
| 12:46 | Construir | Palisade Wall |
| 12:47 | Crear | Villager (Male) |
| 12:49 | Construir | Farm |
| 13:02 | Construir | Palisade Wall |
| 13:02 | Construir | Palisade Wall |
| 13:04 | Construir | Palisade Wall |
| 13:04 | Construir | Palisade Wall |
| 13:05 | Construir | Palisade Wall |
| 13:06 | Construir | Palisade Wall |
| 13:09 | Crear | Villager (Male) |
| 13:21 | Construir | Farm |
| 13:36 | Construir | Palisade Wall |
| 13:36 | Construir | Palisade Wall |
| 13:37 | Construir | Palisade Wall |
| 13:46 | Construir | Palisade Wall |
| 13:46 | Construir | Palisade Wall |
| 13:47 | Construir | Palisade Wall |
| 13:47 | Construir | Palisade Wall |
| 13:48 | Construir | Palisade Wall |
| 13:54 | Crear | Villager (Male) |
| 13:54 | Crear | Villager (Male) |
| 13:55 | Crear | Archer |
| 13:55 | Crear | Archer |
| 14:01 | Construir | House |
| 14:09 | Construir | House |
| 14:10 | Construir | House |
| 14:12 | Crear | Archer |
| 14:12 | Crear | Villager (Male) |
| 14:35 | Crear | Archer |
| 14:43 | Construir | Farm |
| 14:46 | Construir | Farm |
| 14:49 | Construir | Farm |
| 14:53 | Construir | Farm |
| 14:59 | Construir | Palisade Wall |
| 15:00 | Construir | Palisade Wall |
| 15:01 | Construir | Palisade Wall |
| 15:03 | Construir | Palisade Wall |
| 15:03 | Construir | Palisade Wall |
| 15:03 | Construir | Palisade Wall |
| 15:16 | Construir | Farm |
| 15:17 | Construir | Farm |
| 15:18 | Crear | Villager (Male) |
| 15:18 | Crear | Villager (Male) |
| 15:21 | Construir | Palisade Wall |
| 15:21 | Construir | Palisade Wall |
| 15:27 | Construir | Palisade Wall |
| 15:28 | Construir | Palisade Wall |
| 15:35 | Construir | Palisade Wall |
| 15:36 | Construir | Palisade Wall |
| 15:39 | Construir | House |
| 15:54 | Construir | Palisade Gate |
| 15:55 | Crear | Villager (Male) |
| 15:59 | Construir | Farm |
| 16:06 | Construir | Farm |
| 16:10 | Crear | Villager (Male) |
| 16:10 | Crear | Villager (Male) |
| 16:15 | Investigar | Fletching |
| 16:15 | Investigar | Fletching |
| 16:24 | Crear | Villager (Male) |
| 16:27 | Construir | Farm |
| 16:38 | Crear | Archer |
| 16:50 | Construir | House |
| 16:54 | Construir | Farm |
| 17:07 | Construir | Farm |
| 17:12 | Construir | Farm |
| 17:23 | Crear | Archer |
| 17:24 | Crear | Archer |
| 17:25 | Crear | Villager (Male) |
| 17:29 | Construir | Farm |
| 17:34 | Construir | Farm |
| 17:45 | Construir | Farm |
| 17:50 | Crear | Villager (Male) |
| 17:52 | Crear | Archer |
| 17:57 | Construir | Farm |
| 18:12 | Construir | Farm |
| 18:20 | Crear | Archer |
| 18:27 | Crear | Villager (Male) |
| 18:43 | Crear | Spearman |
| 18:46 | Crear | Villager (Male) |
| 18:46 | Crear | Villager (Male) |
| 18:49 | Crear | Archer |
| 19:08 | Crear | Archer |
| 19:08 | Crear | Archer |
| 19:13 | Construir | Farm |
Cronología de la partida
| 8:19 | Pelantaro · first_building Barracks |
| 9:05 | Sassloncey · first_building Barracks |
| 10:11 | Sassloncey · wall_segment Palisade Wall x3 |
| 10:13 | Sassloncey · age_up feudal |
| 10:14 | Sassloncey · wall_segment Palisade Wall x2 |
| 10:19 | Sassloncey · first_building Archery Range |
| 10:20 | Pelantaro · age_up feudal |
| 10:23 | Pelantaro · first_building Stable |
| 10:46 | Sassloncey · wall_segment Palisade Wall x3 |
| 11:05 | Sassloncey · wall_segment Palisade Wall x5 |
| 11:30 | Sassloncey · wall_segment Palisade Wall x2 |
| 11:47 | Sassloncey · wall_segment Palisade Wall x3 |
| 12:06 | Sassloncey · wall_segment Palisade Wall x2 |
| 12:13 | Sassloncey · wall_segment Palisade Wall x2 |
| 12:15 | Sassloncey · wall_segment Palisade Wall x2 |
| 12:38 | Sassloncey · wall_segment Palisade Wall x3 |
| 12:44 | Sassloncey · wall_segment Palisade Wall x4 |
| 12:46 | Sassloncey · wall_segment Palisade Wall x4 |
| 12:52 | Pelantaro · wall_segment Stone Wall x17 |
| 13:02 | Sassloncey · wall_segment Palisade Wall x1 |
| 13:02 | Sassloncey · wall_segment Palisade Wall x1 |
| 13:04 | Sassloncey · wall_segment Palisade Wall x1 |
| 13:04 | Sassloncey · wall_segment Palisade Wall x1 |
| 13:05 | Sassloncey · wall_segment Palisade Wall x1 |
| 13:06 | Sassloncey · wall_segment Palisade Wall x1 |
| 13:36 | Sassloncey · wall_segment Palisade Wall x1 |
| 13:36 | Sassloncey · wall_segment Palisade Wall x1 |
| 13:37 | Sassloncey · wall_segment Palisade Wall x1 |
| 13:46 | Sassloncey · wall_segment Palisade Wall x1 |
| 13:46 | Sassloncey · wall_segment Palisade Wall x1 |
| 13:47 | Sassloncey · wall_segment Palisade Wall x1 |
| 13:47 | Sassloncey · wall_segment Palisade Wall x1 |
| 13:48 | Sassloncey · wall_segment Palisade Wall x1 |
| 14:59 | Sassloncey · wall_segment Palisade Wall x1 |
| 15:00 | Sassloncey · wall_segment Palisade Wall x1 |
| 15:01 | Sassloncey · wall_segment Palisade Wall x1 |
| 15:03 | Sassloncey · wall_segment Palisade Wall x1 |
| 15:03 | Sassloncey · wall_segment Palisade Wall x1 |
| 15:03 | Sassloncey · wall_segment Palisade Wall x1 |
| 15:10 | Pelantaro · first_building Archery Range |
| 15:21 | Sassloncey · wall_segment Palisade Wall x1 |
| 15:21 | Sassloncey · wall_segment Palisade Wall x1 |
| 15:22 | Pelantaro · first_building Dock |
| 15:27 | Sassloncey · wall_segment Palisade Wall x1 |
| 15:28 | Sassloncey · wall_segment Palisade Wall x1 |
| 15:35 | Sassloncey · wall_segment Palisade Wall x1 |
| 15:36 | Sassloncey · wall_segment Palisade Wall x1 |
| 19:35 | Pelantaro · wall_segment Stone Wall x1 |
| 20:10 | Pelantaro · age_up castle |
| 21:28 | Pelantaro · wall_segment Stone Wall x12 |
| 22:28 | Pelantaro · wall_segment Stone Wall x1 |
| 22:46 | Sassloncey · age_up castle |
| 23:17 | Pelantaro · first_market_buy 100 wood |
| 25:19 | Pelantaro · wall_segment Stone Wall x11 |
| 25:20 | Pelantaro · wall_segment Stone Wall x14 |
| 31:38 | Pelantaro · first_building Monastery |
| 33:55 | Sassloncey · first_building Monastery |
| 36:28 | Pelantaro · first_building Castle |
| 37:14 | Sassloncey · first_building Castle |
| 38:47 | Sassloncey · age_up imperial |
| 39:45 | Sassloncey · first_market_sell 500 food |
| 40:57 | Pelantaro · age_up imperial |
| 42:49 | Pelantaro · resign |
[ ANÁLISIS IA · 1 CRÉDITO ]
¿Qué pasó realmente en esta partida?
Wolo.gg analiza cada decisión: build order, eco, micro, errores típicos por bracket. Análisis personalizado por WhatsApp o Discord en 30 segundos.
Guía civ
Vietnamitas
Perfil
Pelantaro